 Dungeon Crawl Stone Soup version 0.31-a0-818-ge7c7cf74f0 (webtiles) character file.

Game seed: 14346284844932031900

215 Dittersdorf the Covered (level 5, -6/34 HPs)
             Began as a Gargoyle Fighter on Sept 22, 2023.
             Mangled by an ogre
             ... wielding a +0 giant club
              (8 damage)
             ... on level 4 of the Dungeon.
             The game lasted 00:03:11 (2490 turns).

Dittersdorf the Covered (Gargoyle Fighter)          Turns: 2490, Time: 00:03:11

Health: -6/34      AC: 21    Str: 21    XL:     5   Next: 92%
Magic:  5/5        EV:  8    Int:  9    God:
Gold:   149        SH:  4    Dex:  9    Spells: 4/4 levels left

rFire   . . .        a - +0 flail
rCold   . . .        c - +0 buckler
rNeg    + . .        h - +0 chain mail
rPois   ∞            f - +0 helmet
rElec   +            (no cloak)
rCorr   +            p - +0 pair of gloves
SInv    .            e - +0 pair of boots
Will    .....        (no amulet) Stlth
                     j - ring of resist corrosion
HPRegen 0.25/turn    n - +4 ring of protection
MPRegen 0.09/turn

%: no passive effects
@: no status effects
A: sickness immunity, AC +4, negative energy resistance 1, electricity
resistance, torment resistance 1, petrification resistance
a: no special abilities


You were on level 4 of the Dungeon.
You visited 1 branch of the dungeon, and saw 4 of its levels.

You collected 149 gold pieces.

Inventory:

Hand Weapons
 a - a +0 flail (weapon)
Missiles
 q - 2 poisoned darts
Armour
 c - a +0 buckler (worn)
 e - a +0 pair of boots (worn)
 f - a +0 helmet (worn)
 h - a +0 chain mail (worn)
 k - a +0 plate armour
 p - a +0 pair of gloves (worn)
Jewellery
 j - a ring of resist corrosion (left hand)
 n - a +4 ring of protection (right hand)
 o - a +6 ring of dexterity
Scrolls
 g - 7 scrolls of identify {unknown}
 i - 2 scrolls of teleportation {unknown}
 m - a scroll of acquirement {unknown}
 r - a scroll of immolation {unknown}
Potions
 b - a potion of heal wounds {unknown}
 d - 2 potions of might
 l - a potion of berserk rage {unknown}
 s - a potion of mutation {unknown}


   Skills:
 + Level 4.4 Fighting
 + Level 3.3 Maces & Flails
 + Level 4.5 Armour
 + Level 4.5 Shields


You had 4 spell levels left.
You didn't know any spells.
Your spell library contained the following spells:

 Spells                   Type           Power      Damage    Failure   Level
 Gell's Gravitas          Tloc           0%         N/A       100%        3
 Teleport Other           Tloc           0%         N/A       100%        3
 Dispersal                Tloc           0%         N/A       100%        6


Dungeon Overview and Level Annotations

Branches:
Dungeon (4/15)
 Temple: D:4-7

Altars:
Trog

Shops:
D:2 (

Annotations:
D:2 1 runed translucent door, Crazy Yiuf


Innate Abilities, Weirdness & Mutations

You are immune to sickness and miasma.
Your stone body is resilient. (AC +4)
You are immune to poison.
You resist negative energy. (rN+)
You are resistant to electric shocks. (rElec)
You are resistant to unholy torment.
You are immune to petrification.


Message History

No target in view!
You open the door.
An ogre comes into view. It is wielding a +0 giant club.
The ogre shouts!
The ogre moves out of view.
No target in view!
There is an open door here.
You block the ogre's attack.
You barely miss the ogre. The ogre hits you with a +0 giant club!
You hit the ogre.
The ogre is lightly wounded.
The ogre hits you with a +0 giant club!
* * * LOW HITPOINT WARNING * * *
You are too injured to fight recklessly!
You are too injured to fight recklessly!
You are too injured to fight recklessly!
You are too injured to fight recklessly!
You are too injured to fight recklessly!
You are too injured to fight recklessly!
You are too injured to fight recklessly!
You are too injured to fight recklessly!
You are too injured to fight recklessly!
You are too injured to fight recklessly!
You are too injured to fight recklessly!
You are too injured to fight recklessly!
You are too injured to fight recklessly!
You are too injured to fight recklessly!
You are too injured to fight recklessly!
You are too injured to fight recklessly!
You are too injured to fight recklessly!
You are too injured to fight recklessly!
You are too injured to fight recklessly!
There is an open door here.
You close the door.
An ogre breaks down the door.
You open the door. The ogre attacks as it pursues you!
The ogre hits you with a +0 giant club!
* * * LOW HITPOINT WARNING * * *
There is an open door here.
The ogre attacks as it pursues you! The ogre hits you with a +0 giant club!
You die...

........ ≈≈≈≈≈....#+##
#......# ≈≈≈≈≈≈≈......
#......+ .............
+......# ......#......
###......#+#######+#......
##.###................#+###
#..>.#................#
#....'................#
##...#...O@...........##
####...##'###########....#
#...............#...#....#
#...............'...#....#
##.....##.....>.#...#....#
#.....##..##..######....#
#..........##..#.........#
#......##..##..#........)+
#......##..##..#.....<...#


You could see an ogre.

Vanquished Creatures
  A scorpion (D:4)
  An iguana (D:4)
  6 adders
  A worm (D:3)
  4 dart slugs
  5 endoplasms
  6 giant cockroaches
  8 goblins
  3 hobgoblins
  3 jackals (D:1)
  6 kobolds
  4 quokkas
  10 ball pythons
  A bat (D:2)
  A frilled lizard (D:3)
  6 rats
66 creatures vanquished.

Notes
Turn   | Place    | Note
-------+----------+-------------------------------------------
     0 | D:1      | Dittersdorf the Gargoyle Fighter began the quest for the
                  | Orb.
     0 | D:1      | Reached XP level 1. HP: 14/14 MP: 1/1
   161 | D:1      | Reached XP level 2. HP: 16/19 MP: 2/2
   614 | D:1      | Reached XP level 3. HP: 23/23 MP: 3/3
   739 | D:2      | Found Emneji's Antique Weapon Shoppe.
  1004 | D:2      | Reached XP level 4. HP: 24/29 MP: 4/4
  1023 | D:2      | Identified the +0 ring mail "Uczia" {+Inv Slay+2}
  1070 | D:2      | Found a runed translucent door.
  1071 | D:2      | Noticed Crazy Yiuf
  1900 | D:3      | Found a faded altar of an unknown god.
  1913 | D:3      | Reached XP level 5. HP: 33/33 MP: 5/5
  2409 | D:4      | Found a bloodstained altar of Trog.
  2475 | D:4      | Noticed an ogre
  2487 | D:4      | HP: 1/34 [ogre/+0 giant club (11)]
  2490 | D:4      | Mangled by an ogre

Illustrated notes

Levels and vault maps discovered:
D:1:      lemuel_arrival_muddy, layout_loops_ring
D:2:      layout_rooms, serial_shops, shop, uniq_crazy_yiuf_cottage
D:3:      layout_loops_corners, nicolae_ecumenical_snake_handling,
          amcnicky_mini_corridor_feature
D:4:      layout_gridville, mainiacjoe_overflow_catwalk,
          gammafunk_temple_overflow_statue

Skill      XL: |  1  2  3  4 |
---------------+-------------+-----
Fighting       | 4 |  4.4
Armour         | 4 |  4.5
Shields        | 4 |  4.5
Maces & Flails | 3 |  3.3

Action                     |  1- 3 |  4- 6 || total
---------------------------+-------+-------++-------
  Melee: Flail             |   101 |   118 ||   219
 Armour: Scale mail        |    17 |       ||    17
         Chain mail        |    66 |   104 ||   170
  Dodge: Dodged            |    38 |    45 ||    83
  Block: Buckler           |    26 |    16 ||    42

Table legend: (Time is in decaauts)
 A = Elapsed time spent in this place.
 B = Non-inter-level travel time spent in this place.
 C = Inter-level travel time spent in this place.
 D = Time resting spent in this place.
 E = Time spent auto-exploring this place.
 F = Levels seen in this place.
 G = Mean time per level.
                   A        B        C        D        E       F      G
               +--------+--------+--------+--------+--------+-----+--------+
         Total |   2556 |   2392 |    164 |     18 |   1844 |   4 |  639.0 |
       Dungeon |   2556 |   2392 |    164 |     18 |   1844 |   4 |  639.0 |
               +--------+--------+--------+--------+--------+-----+--------+

Top non-repeatable levels by time:
     D:3: 1012 daAuts
     D:1: 740 daAuts
     D:2: 571 daAuts
     D:4: 231 daAuts
